 Dungeon Crawl Stone Soup version 0.29-a0-330-g52719c12eb (webtiles) character file.

Game seed: 11318008996729419794

121 kae the Firebug (level 5, -4/33 HPs)
             Began as an Octopode Fire Elementalist on Apr 18, 2022.
             Slain by a scorpion (5 damage)
             ... on level 4 of the Dungeon.
             The game lasted 00:01:33 (3733 turns).

kae the Firebug (Octopode Fire Elementalist)        Turns: 3733, Time: 00:01:34

Health: -4/33      AC:  1    Str:  7    XL:     5   Next: 5%
Magic:  0/8        EV: 13    Int: 19    God:
Gold:   178        SH:  0    Dex: 13    Spells: 3/9 levels left

rFire   + . .      SeeInvis .   g - staff of fire
rCold   . . .      Faith    .   (no shield)
rNeg    . . .      Spirit   .   (helmet restricted)
rPois   .          Reflect  .   (no amulet)
rElec   .          Harm     .   (no ring)
rCorr   .          Rampage  .   (no ring)
Will    .....                   (no ring)
Stlth   +++.......              (no ring)
HPRegen 0.11/turn               (no ring)
MPRegen 0.11/turn               (no ring)
                                (no ring)
                                (no ring)

@: lethally poisoned (-4 -> -18)
A: almost no armour, amphibious, 8 rings, camouflage 1, gelatinous body 1,
(nimble swimmer 1), tentacles
a: no special abilities


You were on level 4 of the Dungeon.
You visited 1 branch of the dungeon, and saw 4 of its levels.

You collected 178 gold pieces.

Inventory:

Magical Staves
 g - a staff of fire (weapon)
Scrolls
 d - a scroll of enchant weapon {unknown}
 e - a scroll of fear
Potions
 a - a potion of magic
 b - a potion of berserk rage
 c - a potion of curing
 f - a potion of mutation
 h - a potion of haste
 i - a potion of might {unknown}
 k - a potion of degeneration {unknown}
 l - 2 potions of heal wounds {unknown}


   Skills:
 + Level 1.3 Fighting
 + Level 2.5 Dodging
 + Level 3.5 Stealth
 + Level 2.5 Spellcasting
 + Level 1.8 Conjurations
 * Level 4.0 Fire Magic


You had 3 spell levels left.
You knew the following spells:

 Your Spells              Type           Power      Damage    Failure   Level
a - Foxfire               Conj/Fire      80%        2x1d8     4%          1
b - Scorch                Fire           52%        2d7       4%          2
c - Conjure Flame         Conj/Fire      20%        6-21      14%         3

Your spell library contained the following spells:

 Spells                   Type           Power      Damage    Failure   Level
 Inner Flame              Hex/Fire       15%        N/A       22%         3
 Blink                    Tloc           4%         N/A       24%         2
 Sublimation of Blood     Necr           2%         N/A       24%         2
 Stone Arrow              Conj/Erth      10%        3d7       32%         3
 Lesser Beckoning         Tloc           2%         N/A       43%         3
 Flame Wave               Conj/Fire      20%        2d7       43%         4
 Petrify                  Tmut/Erth      2%         N/A       85%         4
 Irradiate                Conj/Tmut      2%         3d14      97%         5
 Manifold Assault         Tloc           2%         N/A       99%         5
 Lehudib's Crystal Spear  Conj/Erth      2%         10d2      100%        8
 Animate Armour           Summ/Erth      Unusable   N/A       N/A         4

Dungeon Overview and Level Annotations

Branches:
Dungeon (4/15)
 Temple: D:4-7

Altars:

Annotations:
D:2 exclusion: 3 gnolls, Terence


Innate Abilities, Weirdness & Mutations

You cannot wear most types of armour.
You are amphibious.
You can wear up to eight rings at the same time.
Your skin changes colour to match your surroundings (Stealth+).
Your rubbery body absorbs attacks. (AC +1, EV +1)
((You are camouflaged when in or above water. (Stealth+)))
You have tentacles for arms and can constrict up to eight enemies at once.


Message History

Flames lash the scorpion but do no damage.
You feel sick.
You hear a shout!
The scorpion closely misses you.
You feel sick. The scorpion stings you.
Casting: Scorch (safe; 4% risk of failure)
Confirm with . or Enter, or press ? or * to list all spells.
You feel a surge of power!
You conjure some foxfire!
You feel sick. The scorpion closely misses you.
A hobgoblin comes into view.
The scorpion misses you.
You feel sick.
The foxfire hits the scorpion.
The scorpion is severely wounded.
The foxfire hits the scorpion but does no damage.
The scorpion is severely wounded.
The scorpion closely misses you.
Casting: Foxfire (safe; 4% risk of failure)
Confirm with . or Enter, or press ? or * to list all spells.
You feel a surge of power!
You conjure some foxfire!
You feel sick. The scorpion stings you.
You feel sick.
You are no longer poisoned.
The foxfire hits the scorpion but does no damage.
The scorpion is severely wounded.
The foxfire hits the scorpion but does no damage.
The scorpion is severely wounded.
The scorpion closely misses you.
Casting: Foxfire (safe; 4% risk of failure)
Confirm with . or Enter, or press ? or * to list all spells.
You feel a surge of power!
Flames lash the scorpion.
The scorpion is almost dead.
The scorpion's fire resistance burns away.
The scorpion barely misses you. The hobgoblin barely misses you.
The scorpion stings you!
* * * LOW HITPOINT WARNING * * *
You are lethally poisoned!
The scorpion poisons you! The hobgoblin hits you.
* * * LOW HITPOINT WARNING * * *
The scorpion stings you.
You die...

#...########.##
##..................#.
............[........
.#....##.#####......#
.#....##.## #......# #
.#.####...#
#..=...#.#.
.#.#......#
#..........
.#.#.##[..# #..s...#
.#.#.###..# #..@g..#
.#.#.# #..# #......#
.#.#.# #..# #......#
.#.#.# #..####......#
...#.# #............#
.#.#.# #.#######...##
.#...# #.# #...#
###..# #.# #...# #..#
#.# #...#


You could see a scorpion (combustible) and a hobgoblin.

Vanquished Creatures
  A bullfrog (D:3)
  An adder (D:2)
  A worm (D:2)
  3 dart slugs
  3 orcs (D:4)
  An endoplasm (D:2)
  3 goblins
  2 hobgoblins (D:1)
  9 ball pythons
  3 bats
  3 frilled lizards
  3 kobolds
  6 rats
39 creatures vanquished.

Vanquished Creatures (others)
  163 foxfires
163 creatures vanquished.

Grand Total: 202 creatures vanquished

Notes
Turn   | Place    | Note
-------+----------+-------------------------------------------
     0 | D:1      | kae the Octopode Fire Elementalist began the quest for the
                  | Orb.
     0 | D:1      | Reached XP level 1. HP: 11/11 MP: 3/3
   482 | D:1      | Reached XP level 2. HP: 16/17 MP: 1/5
  1084 | D:1      | You fall into a shaft and drop 1 floor!
  1316 | D:2      | Reached XP level 3. HP: 22/22 MP: 3/6
  1627 | D:2      | Noticed Terence
  2620 | D:3      | Identified the +0 robe of Rev Ygul {Int+4}
  2676 | D:3      | Noticed a bullfrog
  2687 | D:3      | Killed a bullfrog
  2688 | D:3      | Reached skill level 1 in Fighting
  2688 | D:3      | Reached XP level 4. HP: 12/28 MP: 2/7
  3253 | D:4      | Learned a level 2 spell: Scorch
  3257 | D:4      | Learned a level 3 spell: Conjure Flame
  3292 | D:4      | Reached XP level 5. HP: 25/33 MP: 3/8
  3302 | D:4      | Reached skill level 4 in Fire Magic
  3733 | D:4      | HP: 1/33 [hobgoblin (4)]
  3733 | D:4      | Slain by a scorpion

Illustrated notes

Levels and vault maps discovered:
D:1:      amcnicky_arrival_flooded_fountain, layout_loops_cross
D:2:      layout_basic, basic_altar, uniq_terence
D:3:      layout_loops_ring
D:4:      layout_basic

Skill      XL: |  1  2  3  4  5 |
---------------+----------------+-----
Stealth        | 3 |  3.5
Fighting       | 1 |  1.3
Fire Magic     | 4 |  4.0
Dodging        | |  2.5
Spellcasting   | |  2.5
Conjurations   | |  1.8

Action                   |  1- 3 |  4- 6 || total
-------------------------+-------+-------++-------
Melee: Unarmed           |    18 |       ||    18
       Constrict         |     7 |     1 ||     8
       Tentacles         |     5 |     2 ||     7
       Staff             |       |     6 ||     6
 Cast: Foxfire           |    78 |    21 ||    99
       Scorch            |       |     2 ||     2
  Use: Scroll            |     4 |     5 ||     9
       Potion            |     2 |       ||     2
 Stab: Sleeping          |     2 |       ||     2
Armor: Skin              |     1 |     1 ||     2
Dodge: Dodged            |    25 |    15 ||    40

Table legend: (Time is in decaauts)
 A = Elapsed time spent in this place.
 B = Non-inter-level travel time spent in this place.
 C = Inter-level travel time spent in this place.
 D = Time resting spent in this place.
 E = Time spent auto-exploring this place.
 F = Levels seen in this place.
 G = Mean time per level.
                   A        B        C        D        E       F      G
               +--------+--------+--------+--------+--------+-----+--------+
         Total |   3733 |   3574 |    159 |      2 |   3161 |   4 |  933.2 |
       Dungeon |   3733 |   3574 |    159 |      2 |   3161 |   4 |  933.2 |
               +--------+--------+--------+--------+--------+-----+--------+

Top non-repeatable levels by time:
     D:1: 1276 daAuts
     D:3: 1064 daAuts
     D:2: 908 daAuts
     D:4: 485 daAuts
